[Event "Titled Tuesday Blitz July 18 Early 2023"]
[White "Sargsyan, Anna M."]
[Black "Novikova, Margarita"]
[WhiteFideId "13308130"]
[BlackFideId "14109689"]
[WhiteElo "2567"]
[BlackElo "2201"]
[Result "1-0"]
[Round "1"]
[TimeControl "180+2"]
[Date "2023.07.18"]
[WhiteClock "0:00:27"]
[BlackClock "0:00:12"]
[Board "186"]

1. d4 d5 2. c4 e6 3. Nf3 Nf6 4. Nc3 c6 5. e3 Bb4 6. Bd3 O-O 7. O-O b6 8. Ne2 Ba6 9. Qc2 dxc4 10. Bxc4 Bxc4 11. Qxc4 Be7 12. b4 Qd5 13. Qxd5 cxd5 14. Bd2 Ne4 15. a3 a5 16. bxa5 bxa5 17. Rfc1 Bd6 18. Be1 a4 19. Ne5 f6 20. Nd3 Nd7 21. Bb4 Rfc8 22. f3 Bxb4 23. Nxb4 Nd2 24. Nf4 Kf7 25. Kf2 Rxc1 26. Rxc1 Nc4 27. Rc3 g5 28. Nfd3 Rb8 29. e4 f5 30. exd5 exd5 31. Nxd5 Nb2 32. Nxb2 Rxb2+ 33. Kg3 f4+ 34. Kh3 Rb3 35. Rxb3 axb3 36. Nc3 Nb6 37. Kg4 Kg6 38. h4 h5+ 39. Kh3 Nc4 40. Nb1 Ne3 41. hxg5 Kxg5 42. Kh2 Nd5 43. Kg1 Kh4 44. Kf2 Kg5 45. a4 Kf5 46. Ke2 Ke6 47. Kd3 Nb6 48. a5 Nd5 49. a6 Kd7 50. a7 Nc7 51. Kc4 Kc6 52. Kxb3 Kb7 53. Nc3 Kxa7 54. Ne2 Nd5 55. Kc4 Ne3+ 56. Kc5 Nxg2 57. d5 Kb7 58. d6 Kc8 59. Kc6 Ne3 60. Nd4 Nc4 61. d7+ Kd8 62. Ne6+ Ke7 63. d8=Q+ Kxe6 64. Qd5+ Kf6 65. Qxc4 Kg5 66. Qg8+ Kh4 67. Kd5 Kh3 68. Ke4 h4 69. Kxf4 Kh2 70. Ke3 h3 71. Kf2 Kh1 72. Qg1# 1-0


[Site "https://www.chess.com"]

[Event "Titled Tuesday Blitz July 18 Early 2023"]
[White "Larina, Maria"]
[Black "Pinero Rodriguez, Carlos Jose"]
[WhiteFideId "24113182"]
[BlackFideId "3901726"]
[WhiteElo "2200"]
[BlackElo "2566"]
[Result "0-1"]
[Round "1"]
[TimeControl "180+2"]
[Date "2023.07.18"]
[WhiteClock "0:00:04"]
[BlackClock "0:00:27"]
[Board "187"]

1. e4 c5 2. Nc3 e6 3. Nf3 a6 4. d4 cxd4 5. Nxd4 Qc7 6. g3 Nf6 7. Bg2 Be7 8. O-O O-O 9. Re1 d6 10. a4 Nc6 11. Nxc6 bxc6 12. a5 e5 13. h3 Be6 14. Be3 c5 15. f4 Rab8 16. f5 Bd7 17. b3 Bc6 18. g4 Qb7 19. Bg5 h6 20. Bh4 Nh7 21. Bf2 Rfd8 22. Nd5 Bxd5 23. exd5 Bg5 24. Qd3 Qb5 25. Bf1 Qxd3 26. Bxd3 Ra8 27. h4 Bf4 28. Kg2 Nf6 29. Kf3 Rdb8 30. Ra4 Nxd5 31. Be4 Nc3 32. Bxa8 Nxa4 33. Bc6 Nc3 34. Rg1 f6 35. Be3 Bxe3 36. Kxe3 d5 37. g5 hxg5 38. hxg5 Kf7 39. g6+ Ke7 40. Rh1 Kd6 41. Ba4 Nxa4 42. bxa4 e4 43. Rh7 Rb7 44. c3 Ke5 45. Rh8 Kxf5 46. Rd8 Ke6 47. Re8+ Re7 48. Rb8 Ke5 49. Rb6 d4+ 50. cxd4+ cxd4+ 51. Kd2 e3+ 52. Kd3 Kf4 53. Kxd4 e2 54. Rb1 e1=Q 55. Rxe1 Rxe1 56. Kc5 Ra1 57. Kb6 Rxa4 58. Kxa6 Kf5 59. Kb6 Ra1 60. a6 Kxg6 61. a7 f5 0-1


[Site "https://www.chess.com"]

[Event "Titled Tuesday Blitz July 18 Early 2023"]
[White "Mekhane, Adam"]
[Black "Sankalan Shah"]
[WhiteFideId "36050601"]
[BlackFideId "25600362"]
[WhiteElo "2566"]
[BlackElo "2193"]
[Result "1-0"]
[Round "1"]
[TimeControl "180+2"]
[Date "2023.07.18"]
[WhiteClock "0:00:18"]
[BlackClock "0:00:07"]
[Board "188"]

1. e4 c5 2. Nf3 e6 3. g3 Nc6 4. Bg2 g6 5. O-O Bg7 6. c3 Nge7 7. d4 cxd4 8. cxd4 d5 9. e5 b6 10. Nc3 Ba6 11. Re1 O-O 12. h4 b5 13. b3 Qb6 14. Bh3 Rfc8 15. Bb2 Bb7 16. h5 a5 17. Qd2 a4 18. bxa4 bxa4 19. Ba3 Qd8 20. h6 Bf8 21. Ng5 Na5 22. Nxe6 fxe6 23. Bxe6+ Kh8 24. Qf4 Nf5 25. Bxf8 Qxf8 26. Nxd5 Bxd5 27. Bxd5 Ne7 28. Qxf8+ Rxf8 29. Bxa8 Rxa8 30. Rac1 Rd8 31. Rc7 Nac6 32. Rc1 Nxd4 33. Kg2 Nef5 34. Rd1 Nxh6 35. Rc4 Ne6 36. Rxd8+ Nxd8 37. Rc8 Nf7 38. e6 Kg7 39. exf7 Nxf7 40. Ra8 Nd6 41. Rxa4 1-0


[Site "https://www.chess.com"]

[Event "Titled Tuesday Blitz July 18 Early 2023"]
[White "Mishra, Manoj"]
[Black "Zhang, Eric"]
[WhiteFideId "5006007"]
[BlackFideId "30907667"]
[WhiteElo "2172"]
[BlackElo "2566"]
[Result "0-1"]
[Round "1"]
[TimeControl "180+2"]
[Date "2023.07.18"]
[WhiteClock "0:00:01"]
[BlackClock "0:00:16"]
[Board "189"]

1. d4 Nf6 2. Bg5 Ne4 3. h4 h6 4. Bf4 d5 5. e3 Bf5 6. f3 Nf6 7. g4 Bg6 8. Bd3 Bxd3 9. cxd3 e6 10. Nc3 Bd6 11. Nge2 c5 12. dxc5 Bxc5 13. d4 Bd6 14. Qb3 Bxf4 15. Nxf4 Qd7 16. Nd3 Nc6 17. Nc5 Qe7 18. Kf2 Rb8 19. h5 Nd7 20. Nd3 Nb6 21. Nb5 Nc4 22. Qa4 a6 23. Na7 O-O 24. Nxc6 bxc6 25. b3 Nb6 26. Qxa6 Qc7 27. Nc5 Ra8 28. Qb7 Qxb7 29. Nxb7 Ra7 30. Nc5 Nd7 31. Rhc1 Rc8 32. Nxd7 Rxd7 33. Rc5 Kf8 34. Rac1 Rdc7 35. b4 Ke7 36. b5 Ra7 37. Rxc6 Rxa2+ 38. Kg3 Rxc6 39. Rxc6 Rb2 40. Rb6 Kf6 41. Kf4 g5+ 42. hxg6 fxg6 43. e4 dxe4 44. fxe4 Ke7 45. d5 exd5 46. exd5 h5 47. Rxg6 hxg4 48. d6+ Kd7 49. Kxg4 Rxb5 50. Kf4 Rd5 51. Ke4 Rxd6 52. Rg7+ Kc6 53. Ra7 Kc5 54. Ra5+ Kb4 55. Rh5 Rd8 56. Ke3 Re8+ 57. Kd3 Rd8+ 58. Ke4 Kc4 59. Rh4 Rd4+ 60. Kf3 Rxh4 61. Kg3 Rd4 62. Kf3 Kd5 63. Ke3 Ke5 64. Kf3 Re4 0-1


[Site "https://www.chess.com"]

[Event "Titled Tuesday Blitz July 18 Early 2023"]
[White "Mamedov, Edgar"]
[Black "UgarteCesar"]
[WhiteFideId "13739980"]
[WhiteElo "2563"]
[BlackElo "2172"]
[Result "1-0"]
[Round "1"]
[TimeControl "180+2"]
[Date "2023.07.18"]
[WhiteClock "0:00:06"]
[BlackClock "0:00:15"]
[Board "190"]

1. d4 d5 2. c4 e6 3. Nf3 h6 4. Nc3 Nf6 5. cxd5 exd5 6. Bf4 Bd6 7. Bxd6 Qxd6 8. Qc2 c6 9. e3 O-O 10. Bd3 Re8 11. O-O Nbd7 12. Rab1 Ne4 13. Nxe4 dxe4 14. Bxe4 Nf6 15. Bd3 Be6 16. b4 a6 17. a4 Rac8 18. Qc5 Qd8 19. b5 cxb5 20. Qb4 Bc4 21. Ne5 Bxd3 22. Nxd3 Nd5 23. Qb2 Nc3 24. Rbc1 Nxa4 25. Qb3 Qf6 26. Ne5 Qe6 27. Qb4 f6 28. Nd3 Rc4 29. Rxc4 Qxc4 30. Qa3 Nc3 31. Nf4 g5 32. Nh5 Kf7 33. Qd6 Qe6 34. Qc7+ Re7 35. Qxc3 Qc6 36. Qd3 Qe4 37. Qb3+ Qe6 38. Qc2 Qe4 39. Qb3+ Qe6 40. d5 Qe4 41. d6+ Re6 42. d7 Ke7 43. Rd1 Kd8 44. Ng3 Qc6 45. Qb4 Rd6 46. Qxd6 Qxd6 47. Rxd6 b4 48. Rb6 b3 49. Rxb3 a5 50. Rxb7 a4 51. Ra7 a3 52. Rxa3 Kxd7 53. Ra6 1-0


[Site "https://www.chess.com"]

[Event "Titled Tuesday Blitz July 18 Early 2023"]
[White "Lisjak, Zlatko"]
[Black "Becerra, Juan David"]
[WhiteFideId "14502186"]
[BlackFideId "4404998"]
[WhiteElo "2166"]
[BlackElo "2562"]
[Result "0-1"]
[Round "1"]
[TimeControl "180+2"]
[Date "2023.07.18"]
[WhiteClock "0:00:00"]
[BlackClock "0:00:08"]
[Board "191"]

1. d4 d5 2. Nc3 Nf6 3. Bf4 c6 4. e3 g6 5. h4 Bg7 6. h5 Nxh5 7. Rxh5 gxh5 8. Qxh5 Qd7 9. Bd3 Qg4 10. Qh2 Nd7 11. f3 Qe6 12. O-O-O b5 13. g4 b4 14. Bf5 Qf6 15. Na4 e6 16. Bd3 e5 17. g5 Qe7 18. dxe5 Nxe5 19. Qf2 Nxd3+ 20. cxd3 h6 21. gxh6 Bxh6 22. Ne2 c5 23. Kb1 Bd7 24. b3 Bxa4 25. bxa4 Bxf4 26. Nxf4 O-O-O 27. Rc1 Kb7 28. e4 d4 29. Qc2 Rh4 30. Nd5 Rxd5 31. exd5 Kb6 32. Qc4 a6 33. d6 Qxd6 34. Qxf7 Rf4 35. Qh5 Rf6 36. Rc4 Re6 37. Qf5 Re1+ 38. Kc2 Re5 39. Qf7 Re7 40. Qf5 Qh2+ 41. Kb3 Qd6 42. a5+ Kb5 43. Qf8 Kxa5 44. Qc8 Kb6 45. a4 bxa3 46. Kxa3 Rb7 0-1


[Site "https://www.chess.com"]

[Event "Titled Tuesday Blitz July 18 Early 2023"]
[White "Ionescu, Mihai"]
[Black "Da Silva Junior, Sediney Mari"]
[WhiteFideId "1202499"]
[BlackFideId "2132079"]
[WhiteElo "2561"]
[BlackElo "2162"]
[Result "0-1"]
[Round "1"]
[TimeControl "180+2"]
[Date "2023.07.18"]
[WhiteClock "0:00:00"]
[BlackClock "0:00:29"]
[Board "192"]

1. Nf3 f5 2. d3 Nf6 3. e4 fxe4 4. dxe4 Nc6 5. Bd3 e5 6. O-O d6 7. Bg5 Be7 8. h3 O-O 9. Nc3 Be6 10. Bxf6 Rxf6 11. Qe2 Qd7 12. Bc4 Raf8 13. Bxe6+ Qxe6 14. Ng5 Qd7 15. Nd5 Rg6 16. Nxe7+ Nxe7 17. Qh5 h6 18. Nf3 Kh7 19. Kh2 Ng8 20. Nh4 Rg5 21. Qe2 Rf4 22. g3 Rf8 23. f4 exf4 24. gxf4 Rc5 25. f5 Qc6 26. c3 Re8 27. Rae1 Rce5 28. Rf4 d5 29. Qg4 Rxe4 30. Rexe4 Rxe4 31. Rxe4 dxe4 32. Ng6 Qd6+ 33. Kg2 Qd2+ 34. Kg3 Qe3+ 35. Kh2 Qf2+ 36. Kh1 Nf6 0-1


[Site "https://www.chess.com"]

[Event "Titled Tuesday Blitz July 18 Early 2023"]
[White "Hrescak, Ivana"]
[Black "NovoselovRoman"]
[WhiteFideId "14613441"]
[WhiteElo "2139"]
[BlackElo "2561"]
[Result "0-1"]
[Round "1"]
[TimeControl "180+2"]
[Date "2023.07.18"]
[WhiteClock "0:01:24"]
[BlackClock "0:01:25"]
[Board "193"]

1. e4 c6 2. d4 d5 3. e5 c5 4. dxc5 Nc6 5. Nf3 Bg4 6. Bf4 e6 7. a3 Bxc5 8. b4 Bb6 9. h3 Bh5 10. Be2 Nge7 11. O-O Ng6 12. Qd2 Bxf3 13. Bxf3 Ncxe5 14. Bh5 Nc4 15. Qc1 Qf6 16. Bxg6 Qxa1 17. Bd3 Rc8 18. Re1 Qd4 19. Re2 O-O 20. Nd2 Qxf4 0-1


[Site "https://www.chess.com"]

[Event "Titled Tuesday Blitz July 18 Early 2023"]
[White "Krstulovic, Alex"]
[Black "Kiseljova, Marya"]
[WhiteFideId "760056"]
[BlackFideId "4155009"]
[WhiteElo "2560"]
[BlackElo "2139"]
[Result "1-0"]
[Round "1"]
[TimeControl "180+2"]
[Date "2023.07.18"]
[WhiteClock "0:01:26"]
[BlackClock "0:00:54"]
[Board "194"]

1. Nf3 d5 2. g3 Nd7 3. Bg2 Nb6 4. O-O Nf6 5. b3 Bf5 6. Bb2 e6 7. d3 h6 8. Nbd2 Be7 9. Qe1 O-O 10. Ne5 Bh7 11. f4 c6 12. g4 Nfd7 13. Qg3 Nxe5 14. fxe5 Bg5 15. Nf3 Be3+ 16. Kh1 c5 17. h4 d4 18. c4 Nd7 19. b4 b6 20. g5 hxg5 21. Nxg5 Bxg5 22. hxg5 Qc7 23. Bxa8 Rxa8 24. bxc5 bxc5 25. Rxf7 Qb7+ 26. Qf3 Qxb2 27. Rf1 Rd8 28. Rxd7 Rb8 29. Qf7+ Kh8 30. Qxg7# 1-0


[Site "https://www.chess.com"]

[Event "Titled Tuesday Blitz July 18 Early 2023"]
[White "Guevara Sanchez, Erick Marvin"]
[Black "Siniauski, Artsiom"]
[WhiteFideId "6700136"]
[BlackFideId "13512269"]
[WhiteElo "2135"]
[BlackElo "2559"]
[Result "0-1"]
[Round "1"]
[TimeControl "180+2"]
[Date "2023.07.18"]
[WhiteClock "0:00:20"]
[BlackClock "0:00:51"]
[Board "195"]

1. e4 e6 2. d4 d5 3. Nc3 Bb4 4. e5 Ne7 5. a3 Bxc3+ 6. bxc3 c5 7. Qg4 Qc7 8. Ne2 cxd4 9. Qxg7 Rg8 10. Qxh7 Nbc6 11. f4 dxc3 12. Qd3 d4 13. Nxd4 Nxd4 14. Qxd4 Bd7 15. Be3 Nf5 16. Qd3 O-O-O 17. Qe2 Bc6 18. Rg1 Qa5 19. g4 Nxe3 20. Qxe3 Rd2 21. Bd3 Rxh2 22. f5 Kb8 23. f6 Rgh8 24. g5 Rh1 25. Kf2 R8h2+ 26. Kf1 Qd5 27. Rxh1 Rxh1+ 28. Ke2 Rxa1 29. g6 Qg2+ 30. Qf2 Qg4+ 31. Qf3 Qxf3# 0-1


[Site "https://www.chess.com"]

[Event "Titled Tuesday Blitz July 18 Early 2023"]
[White "Kashlinskaya, Alina"]
[Black "Ishowmoves57"]
[WhiteFideId "4198026"]
[WhiteElo "2558"]
[BlackElo "2125"]
[Result "1-0"]
[Round "1"]
[TimeControl "180+2"]
[Date "2023.07.18"]
[WhiteClock "0:00:21"]
[BlackClock "0:00:13"]
[Board "196"]

1. e4 c5 2. Nf3 Nc6 3. c3 Nf6 4. e5 Nd5 5. d4 cxd4 6. cxd4 d6 7. Bc4 Nb6 8. Bb5 Bd7 9. O-O e6 10. Nc3 dxe5 11. dxe5 Be7 12. Qe2 a6 13. Bd3 Qc7 14. Bf4 Rd8 15. Rad1 Nb4 16. Bb1 Qc4 17. Qxc4 Nxc4 18. b3 Na3 19. Be4 Nb5 20. Nxb5 Bxb5 21. Rxd8+ Bxd8 22. Ra1 Bc6 23. Nd2 O-O 24. a3 Nd5 25. Bg3 Bc7 26. Nc4 Rd8 27. h4 f5 28. exf6 Bxg3 29. f7+ Kxf7 30. fxg3 Ke7 31. Re1 Nc3 32. Bxh7 b5 33. Ne5 Bb7 34. Bd3 Rd5 35. Bf1 Rd2 36. g4 Ne4 37. Nf3 Rb2 38. b4 Ng3 39. g5 Nxf1 40. Rxf1 Rb3 41. Ne5 Rg3 42. Rf7+ Kd6 43. Rxb7 Kxe5 44. Kf2 Rxa3 45. Rxg7 Ra4 46. h5 Rxb4 47. h6 Rh4 48. h7 a5 49. g6 a4 50. Rg8 a3 51. h8=Q+ Rxh8 52. Rxh8 Kf6 53. Ra8 b4 54. Ke3 Kxg6 55. Kd3 Kf5 56. Kc4 e5 57. Kxb4 e4 58. Rxa3 e3 59. Rxe3 Kf4 60. Rf3+ 1-0


[Site "https://www.chess.com"]

[Event "Titled Tuesday Blitz July 18 Early 2023"]
[White "Johnson, Ben"]
[Black "Zaragatski, Ilja"]
[WhiteFideId "2010917"]
[BlackFideId "4655192"]
[WhiteElo "2124"]
[BlackElo "2555"]
[Result "0-1"]
[Round "1"]
[TimeControl "180+2"]
[Date "2023.07.18"]
[WhiteClock "0:00:07"]
[BlackClock "0:00:29"]
[Board "197"]

1. Nf3 Nf6 2. c4 c5 3. g3 b6 4. Bg2 Bb7 5. O-O e6 6. Nc3 d6 7. d4 cxd4 8. Nxd4 Bxg2 9. Kxg2 a6 10. e4 Qc8 11. f4 Nbd7 12. Qe2 Qb7 13. b3 Be7 14. Bb2 O-O 15. Rae1 Rac8 16. h3 Rfe8 17. Kh2 g6 18. Nf3 Bf8 19. Nd1 b5 20. cxb5 axb5 21. e5 dxe5 22. Nxe5 Bb4 23. Ne3 Bxe1 24. Rxe1 Nxe5 25. Bxe5 Nd7 26. Bb2 h5 27. Rd1 Red8 28. f5 exf5 29. Nd5 Re8 30. Qd2 Kh7 31. Qd4 Rc2+ 32. Kg1 Re5 33. Nb4 Qg2# 0-1


[Site "https://www.chess.com"]

[Event "Titled Tuesday Blitz July 18 Early 2023"]
[White "Moskvin, Anatoly"]
[Black "Marin Masis, Jose Esteban"]
[WhiteFideId "24199990"]
[BlackFideId "6508146"]
[WhiteElo "2555"]
[BlackElo "2122"]
[Result "1-0"]
[Round "1"]
[TimeControl "180+2"]
[Date "2023.07.18"]
[WhiteClock "0:02:12"]
[BlackClock "0:01:10"]
[Board "198"]

1. e4 c5 2. Nf3 Nc6 3. g3 g6 4. Bg2 Bg7 5. O-O d6 6. Re1 Nf6 7. c3 e5 8. d4 cxd4 9. cxd4 O-O 10. d5 Nb8 11. h3 Nbd7 12. Nc3 Nc5 13. Nd2 a6 14. a4 Ne8 15. Nc4 f5 16. b4 Nxe4 17. Nxe4 fxe4 18. Be3 Nf6 19. Qd2 Bd7 20. Nxd6 Bxh3 21. Bxh3 Qxd6 22. Bc5 Qxd5 23. Qxd5+ Nxd5 24. Be6+ Kh8 25. Bxd5 Rfd8 26. Bxb7 Rab8 27. Bxa6 1-0


[Site "https://www.chess.com"]

[Event "Titled Tuesday Blitz July 18 Early 2023"]
[White "campochess"]
[Black "Portela Peleteiro, Alberto"]
[BlackFideId "22276106"]
[WhiteElo "2120"]
[BlackElo "2555"]
[Result "0-1"]
[Round "1"]
[TimeControl "180+2"]
[Date "2023.07.18"]
[WhiteClock "0:01:53"]
[BlackClock "0:01:48"]
[Board "199"]

1. d4 d6 2. e4 Nf6 3. Nc3 e5 4. Nf3 Nbd7 5. b3 Be7 6. Bb2 O-O 7. g3 Re8 8. d5 c6 9. dxc6 bxc6 10. Be2 Nc5 11. Nd2 Bh3 12. Bf3 Qc7 13. Qe2 Rad8 14. O-O-O d5 15. exd5 cxd5 16. Qb5 Bf5 17. Nf1 d4 18. Na4 Nxa4 19. Qxa4 Qxc2# 0-1


[Site "https://www.chess.com"]

[Event "Titled Tuesday Blitz July 18 Early 2023"]
[White "Garv Gaur"]
[Black "Horokoskii"]
[WhiteFideId "45030839"]
[WhiteElo "2554"]
[BlackElo "2117"]
[Result "1-0"]
[Round "1"]
[TimeControl "180+2"]
[Date "2023.07.18"]
[WhiteClock "0:02:13"]
[BlackClock "0:01:30"]
[Board "200"]

1. e4 e6 2. d4 d5 3. Bd3 Nf6 4. e5 Nfd7 5. c3 c5 6. Ne2 Nc6 7. O-O h6 8. Be3 Qb6 9. b3 cxd4 10. cxd4 Nb4 11. Nbc3 Nxd3 12. Qxd3 a6 13. Rfc1 Be7 14. Na4 Qd8 15. f4 O-O 16. a3 f6 17. b4 fxe5 18. fxe5 b6 19. Nf4 Nb8 20. Qg6 Bg5 21. Nh5 Bxe3+ 22. Kh1 Qe7 23. Nf6+ Rxf6 24. exf6 Qf8 25. Rxc8 1-0


[Site "https://www.chess.com"]

[Event "Titled Tuesday Blitz July 18 Early 2023"]
[White "Levitan, Ronit"]
[Black "Hajiyev, Kanan"]
[WhiteFideId "2815109"]
[BlackFideId "13404148"]
[WhiteElo "2107"]
[BlackElo "2553"]
[Result "1-0"]
[Round "1"]
[TimeControl "180+2"]
[Date "2023.07.18"]
[WhiteClock "0:00:32"]
[BlackClock "0:00:24"]
[Board "201"]

1. e4 c6 2. d4 d5 3. exd5 cxd5 4. c4 Nf6 5. Nc3 e6 6. Nf3 Bb4 7. cxd5 Nxd5 8. Bd2 Nc6 9. Bd3 O-O 10. O-O Nf6 11. a3 Be7 12. Bg5 Nh5 13. Bxe7 Qxe7 14. Ne5 Nf4 15. Nxc6 bxc6 16. Be4 Bd7 17. Re1 Rab8 18. Qd2 Qg5 19. Kh1 Rfd8 20. g3 Nh3 21. Qxg5 Nxg5 22. b4 a5 23. Rab1 axb4 24. axb4 Be8 25. Red1 Rb6 26. f4 Nxe4 27. Nxe4 Rdb8 28. Nc5 Rxb4 29. Rxb4 Rxb4 30. Kg2 Rb2+ 31. Kf3 Rxh2 32. Rb1 Kf8 33. Rb8 Rd2 34. Ke3 Rg2 35. Kf3 Rg1 36. Na6 Ke7 37. Rb7+ Kd6 38. Rb8 Bd7 39. Nc5 Rd1 40. Ke3 Rg1 41. Kf2 Rd1 42. Ke3 Rg1 43. Rd8 Rxg3+ 44. Kf2 Ke7 45. Rxd7+ Ke8 46. Kxg3 h5 47. Ra7 g6 48. Kh4 Kf8 49. Kg5 Kg7 50. Nxe6+ Kh7 51. Rxf7+ Kh8 52. Kxg6 1-0


[Site "https://www.chess.com"]

[Event "Titled Tuesday Blitz July 18 Early 2023"]
[White "Guliev, Logman"]
[Black "Winkels, Marcel"]
[WhiteFideId "13400061"]
[BlackFideId "1003887"]
[WhiteElo "2553"]
[BlackElo "2105"]
[Result "1-0"]
[Round "1"]
[TimeControl "180+2"]
[Date "2023.07.18"]
[WhiteClock "0:00:09"]
[BlackClock "0:00:00"]
[Board "202"]

1. e4 c5 2. Nf3 e6 3. d4 cxd4 4. Nxd4 Nc6 5. Nxc6 bxc6 6. Bd3 d5 7. O-O Nf6 8. Nd2 Bd6 9. h3 O-O 10. c4 Bb7 11. Qc2 Rc8 12. Re1 Qc7 13. b3 Be5 14. Bb2 Bxb2 15. Qxb2 dxe4 16. Nxe4 Nxe4 17. Bxe4 c5 18. Rad1 Rfd8 19. Qc2 g6 20. Bxb7 Qxb7 21. Qc3 Qe7 22. Qa5 Rd4 23. Rxd4 cxd4 24. Qe5 Rd8 25. Rd1 Qd7 26. Rd3 Qd6 27. f4 Qxe5 28. fxe5 Kf8 29. Kf2 Ke7 30. Kf3 f6 31. Ke4 f5+ 32. Kf4 h6 33. h4 Rd7 34. c5 Kd8 35. b4 Kc7 36. b5 Rd5 37. a4 Rxc5 38. Rxd4 Rc2 39. g4 Rc1 40. gxf5 gxf5 41. h5 Rh1 42. Kg3 Rxh5 43. Rd6 Rg5+ 44. Kf3 Rg6 45. a5 h5 46. Rc6+ Kb7 47. a6+ Kb8 48. Rc4 Rh6 49. Rh4 Kc7 50. Kf4 Kb6 51. Kg5 Rh8 52. Kf6 Kxb5 53. Kxe6 Kxa6 54. Kxf5 Kb6 55. e6 Kc7 56. Kf6 Kd8 57. e7+ 1-0


[Site "https://www.chess.com"]

[Event "Titled Tuesday Blitz July 18 Early 2023"]
[White "Sava, Christiansen-Danut-Eugen"]
[Black "Arencibia Monduy, Antonio"]
[WhiteFideId "1210114"]
[BlackFideId "3507939"]
[WhiteElo "2104"]
[BlackElo "2553"]
[Result "0-1"]
[Round "1"]
[TimeControl "180+2"]
[Date "2023.07.18"]
[WhiteClock "0:00:00"]
[BlackClock "0:00:04"]
[Board "203"]

1. d4 Nf6 2. c4 e6 3. Nf3 Be7 4. g3 b6 5. Bg2 Bb7 6. O-O O-O 7. d5 exd5 8. Nh4 Re8 9. Nc3 d6 10. cxd5 Nbd7 11. Nf5 Bf8 12. e4 a5 13. h4 Nc5 14. Qd4 Bc8 15. Bg5 Bxf5 16. exf5 Be7 17. Rfe1 h6 18. Bf4 Nfd7 19. Bf3 Bf6 20. Qd2 Ne5 21. Be2 Qd7 22. Qc2 Qd8 23. Bb5 Re7 24. Kg2 Qf8 25. Ne4 Nxe4 26. Rxe4 Ng4 27. Rxe7 Qxe7 28. Bc6 Rd8 29. Kf3 Ne5+ 30. Bxe5 Bxe5 31. Re1 Qf6 32. Qe4 Bxb2 33. Kg2 Bc3 34. Re2 Be5 0-1


[Site "https://www.chess.com"]

[Event "Titled Tuesday Blitz July 18 Early 2023"]
[White "robertoalejandro10"]
[Black "Tqebuchava, Zurab"]
[BlackFideId "13601113"]
[WhiteElo "2552"]
[BlackElo "2100"]
[Result "1/2-1/2"]
[Round "1"]
[TimeControl "180+2"]
[Date "2023.07.18"]
[WhiteClock "0:00:45"]
[BlackClock "0:01:08"]
[Board "204"]

1. Nf3 d6 2. c4 Nf6 3. g3 e5 4. Nc3 Be7 5. Bg2 O-O 6. O-O c6 7. b3 h6 8. Bb2 Be6 9. d4 Nbd7 10. dxe5 dxe5 11. Qc2 Bg4 12. Rfd1 Bxf3 13. Bxf3 Qc7 14. Rd2 Rad8 15. Rad1 Nc5 16. h4 Rxd2 17. Rxd2 Rd8 18. e3 Rxd2 19. Qxd2 Qd6 20. Qxd6 Bxd6 21. Be2 Kf8 1/2-1/2


[Site "https://www.chess.com"]

[Event "Titled Tuesday Blitz July 18 Early 2023"]
[White "Der_Balak_3Halak"]
[Black "Girya, Olga"]
[BlackFideId "4195752"]
[WhiteElo "2077"]
[BlackElo "2550"]
[Result "1-0"]
[Round "1"]
[TimeControl "180+2"]
[Date "2023.07.18"]
[WhiteClock "0:00:08"]
[BlackClock "0:00:00"]
[Board "205"]

1. e4 e5 2. Nf3 Nc6 3. Bb5 a6 4. Ba4 Nf6 5. Qe2 Bc5 6. c3 d6 7. O-O O-O 8. h3 h6 9. Rd1 b5 10. Bc2 Re8 11. d4 exd4 12. cxd4 Bb6 13. e5 d5 14. Nbd2 Bxd4 15. Nb3 Bxe5 16. Nxe5 Nxe5 17. Qf1 Nc4 18. a4 Be6 19. Nc5 Qd6 20. Nxe6 Qxe6 21. b3 Nd6 22. Bb2 c5 23. Re1 Qd7 24. Bxf6 gxf6 25. Qd3 Ne4 26. f3 c4 27. Qd4 Ng5 28. Qxf6 Re6 29. Qf4 Qd6 30. Qf5 Rf6 31. Qg4 1-0


[Site "https://www.chess.com"]

[Event "Titled Tuesday Blitz July 18 Early 2023"]
[White "Tikhonov, Viacheslav"]
[Black "Schain, Randolph"]
[WhiteFideId "44196407"]
[BlackFideId "2003139"]
[WhiteElo "2545"]
[BlackElo "2067"]
[Result "1-0"]
[Round "1"]
[TimeControl "180+2"]
[Date "2023.07.18"]
[WhiteClock "0:00:38"]
[BlackClock "0:00:03"]
[Board "206"]

1. d4 Nf6 2. c4 e5 3. dxe5 Ng4 4. Nf3 Nc6 5. e3 Ngxe5 6. Nxe5 Nxe5 7. f4 Nc6 8. Bd3 Bc5 9. O-O O-O 10. Qh5 f5 11. Bxf5 g6 12. Bxg6 hxg6 13. Qxg6+ Kh8 14. Rf3 Qh4 15. Rh3 Qxh3 16. gxh3 Rg8 17. Qg3 d6 18. Kf2 Rxg3 19. hxg3 Bxh3 20. Nc3 Re8 21. Nd5 Rc8 22. Bd2 Kg7 23. Bc3+ Kg6 24. b4 Bb6 25. b5 Re8 26. bxc6 bxc6 27. Nxb6 axb6 28. a4 Be6 29. a5 Bxc4 30. a6 Ra8 31. a7 c5 32. e4 b5 33. f5+ Kf7 34. g4 b4 35. Bb2 Bd3 36. Ke3 c4 37. g5 d5 38. g6+ Ke7 39. f6+ Ke6 40. exd5+ Kxd5 41. g7 Bg6 42. g8=Q+ Rxg8 43. a8=Q+ Rxa8 44. Rxa8 c3 45. Bxc3 bxc3 46. Rg8 Bf7 47. Rc8 c5 48. Rc7 Ke6 49. Rc6+ Ke5 50. Kd3 Kd5 51. Rb6 c4+ 52. Kxc3 Ke5 53. Rc6 Kf5 54. Kd4 Kg5 55. Ke5 Kg6 56. Rc7 Bg8 57. Rg7+ 1-0


[Site "https://www.chess.com"]

[Event "Titled Tuesday Blitz July 18 Early 2023"]
[White "Floresvillar Gonzalez, Luis Migu"]
[Black "ArtemDyachuk"]
[WhiteFideId "5100542"]
[WhiteElo "2063"]
[BlackElo "2541"]
[Result "1-0"]
[Round "1"]
[TimeControl "180+2"]
[Date "2023.07.18"]
[WhiteClock "0:00:09"]
[BlackClock "0:00:00"]
[Board "207"]

1. d4 Nf6 2. c3 g6 3. Bg5 Bg7 4. Nd2 d5 5. e3 O-O 6. Bd3 h6 7. Bxf6 Bxf6 8. f4 c5 9. Ngf3 Nc6 10. O-O Qb6 11. Rb1 Kg7 12. Qe2 a5 13. a4 Bd7 14. Ne5 Be8 15. Ndf3 e6 16. g4 Nd8 17. Bc2 Be7 18. h4 c4 19. g5 Qc7 20. gxh6+ Kxh6 21. Qg2 Bf6 22. Ng4+ Kg7 23. Nxf6 Kxf6 24. h5 Kg7 25. hxg6 fxg6 26. Ne5 Rg8 27. Kf2 Qe7 28. Rh1 Qf6 29. Rbg1 Kf8 30. Bxg6 Ke7 31. Rh7+ Kd6 32. Qg3 Bxa4 33. Qh2 Bc6 34. Bc2 a4 35. Rxg8 a3 36. bxa3 Rxa3 37. Rgg7 Ra2 38. Rd7+ 1-0


[Site "https://www.chess.com"]

[Event "Titled Tuesday Blitz July 18 Early 2023"]
[White "Sreyas Payyappat"]
[Black "vishwa_vijeta"]
[WhiteFideId "46674969"]
[WhiteElo "2540"]
[BlackElo "2047"]
[Result "1-0"]
[Round "1"]
[TimeControl "180+2"]
[Date "2023.07.18"]
[WhiteClock "0:00:46"]
[BlackClock "0:00:10"]
[Board "208"]

1. e4 c5 2. Nf3 d6 3. d4 cxd4 4. Nxd4 Nf6 5. Nc3 g6 6. f4 Nc6 7. Be3 Bg7 8. Be2 O-O 9. Qd3 Ng4 10. Bxg4 Bxg4 11. O-O Rc8 12. f5 Ne5 13. Qd2 Nc4 14. Qf2 Nxe3 15. Qxe3 Qb6 16. Rad1 Bxd1 17. Rxd1 Rc4 18. Nce2 e5 19. fxe6 fxe6 20. b3 Rxd4 21. Nxd4 e5 22. Nf5 gxf5 23. Qxb6 axb6 24. exf5 Rf6 25. g4 Bf8 26. Kg2 Rf7 27. Kf3 Rc7 28. c4 Rc5 29. a4 Kf7 30. g5 Be7 31. h4 Rc8 32. Ke4 Rg8 33. f6 Bxf6 34. Rxd6 Bg7 35. Rxb6 Rd8 36. Rxb7+ Kf8 37. Kf5 Re8 38. Ke4 Rd8 39. h5 Rd4+ 40. Kf5 Kg8 41. h6 Bf8 42. Kxe5 Rg4 43. Kf5 Rg2 44. a5 Rf2+ 45. Kg4 Rg2+ 46. Kh4 Rh2+ 47. Kg3 Bd6+ 48. Kf3 Bf8 49. Rb8 Ra2 50. b4 Ra4 51. c5 Ra3+ 52. Kf4 Ra1 53. c6 Rf1+ 54. Kg3 Rg1+ 55. Kf2 Rb1 56. c7 Rc1 57. c8=Q Rxc8 58. Rxc8 Kf7 59. Rxf8+ Kxf8 60. a6 Ke7 61. a7 Kd6 62. a8=Q Ke6 63. Qe4+ Kd6 64. Kf3 Kc7 65. Kf4 Kb6 66. Qc4 Ka7 67. Ke5 Kb8 68. Kd6 Ka8 69. Kd7 Ka7 70. Qb5 Ka8 71. Kc7 Ka7 72. Qa5# 1-0


[Site "https://www.chess.com"]